 Dungeon Crawl Stone Soup version 0.21-a0-476-gd103f4b (webtiles) character file.

125454 4thArraOfDagon the Lord of Darkness (level 16, -2/89 HPs)
             Began as a Gargoyle Ice Elementalist on Nov 22, 2017.
             Was the Champion of Kikubaaqudgha.
             Slain by the 27-headed Lernaean hydra (6 damage)
             ... on level 4 of the Swamp.
             The game lasted 02:16:23 (19060 turns).

4thArraOfDagon the Lord of Darkness (GrIE)         Turns: 19060, Time: 02:16:24

Health: -2/89      AC: 34    Str: 20      XL:     16   Next: 95%
Magic:  5/31       EV:  9    Int: 23 (27) God:    Kikubaaqudgha [******]
Gold:   896        SH:  0    Dex:  8      Spells: 10/38 levels left

rFire    + + .     SeeInvis .     - Unarmed
rCold    x . .     Gourm    .   (no shield)
rNeg     + + .     Faith    .   Y - +1 shadow dragon scales of the Trilobite {*Contam rN+ MR+++ Regen+ Stlth++++}
rPois    ∞         Spirit   .   L - +2 helmet
rElec    +         Reflect  .   e - scarf of Dogma {Regen+ rCorr Int+4 Dex-2}
rCorr    +         Harm     .   Q - +2 pair of gloves
MR       ++++.     Rnd*Tele +   p - +2 pair of boots
Stlth    +++.......             z - amulet "Duduekump" {rF+ MR- Regen+ Str+3}
HPRegen  1.84/turn              R - ring of wizardry
MPRegen  0.22/turn              i - ring "Gotaal" {Fire rElec rPois}

@: mighty, flying, hasted, very quick
A: big wings, iridescent scales 1, clever 1, deformed body, magic resistance 1,
negative energy resistance 1, regeneration 1, electricity resistance,
teleportitis 1, weak 1, unbreathing, petrification resistance, rot immunity,
subdued magic 1, MP-powered wands, AC +12
a: Stop Flying, Receive Corpses, Torment, Renounce Religion


You were on level 4 of the Swamp.
You worshipped Kikubaaqudgha.
Kikubaaqudgha was exalted by your worship.
You were not hungry.

You visited 5 branches of the dungeon, and saw 24 of its levels.
You also visited: Ice Cave.

You collected 2110 gold pieces.
You spent 1214 gold pieces at shops.

Inventory:

Hand Weapons
 u - a +0 lajatang of draining
 P - a +3 scimitar of flaming
 W - the +10 lajatang of Qoezxo {venom, +Fly rElec Str-3 Stlth+}
   (You bought it in a shop on level 2 of the Orcish Mines)

   It poisons the flesh of those it strikes.
   It affects your strength (-3).
   It insulates you from electricity.
   It lets you fly.
   It makes you more stealthy.
 X - a +7 blowgun
Missiles
 V - 10 curare-tipped needles
Armour
 e - the scarf of Dogma (worn) {Regen+ rCorr Int+4 Dex-2}
   (You found it in an ice cave)

   It affects your intelligence (+4).
   It affects your dexterity (-2).
   It increases your rate of regeneration.
   It protects you from acid and corrosion.
 p - a +2 pair of boots (worn)
 D - a +2 robe of resistance
 L - a +2 helmet (worn)
 Q - a +2 pair of gloves (worn)
 Y - the +1 shadow dragon scales of the Trilobite (worn) {*Contam rN+ MR+++ Regen+ Stlth++++}
   (You acquired it on level 3 of the Swamp)

   It protects you from negative energy.
   It affects your resistance to hostile enchantments.
   It causes magical contamination when unequipped.
   It increases your rate of regeneration.
   It makes you much more stealthy.
Magical Staves
 g - an uncursed staff of death
Jewellery
 i - the ring "Gotaal" (right hand) {Fire rElec rPois}
   (You acquired it on level 3 of the Swamp)

   [ring of fire]

   It enhances your fire magic.
   It protects you from fire.
   It makes you vulnerable to cold.
   It insulates you from electricity.
   It protects you from poison.
 z - the amulet "Duduekump" (around neck) {rF+ MR- Regen+ Str+3}
   (You acquired it on level 3 of the Swamp)

   [amulet of regeneration]

   It affects your strength (+3).
   It protects you from fire.
   It affects your resistance to hostile enchantments.
   It increases your rate of regeneration.
 O - an uncursed amulet of rage
 R - a ring of wizardry (left hand)
Scrolls
 a - 7 scrolls of remove curse
 d - 2 scrolls of immolation
 j - a scroll of teleportation
 k - 4 scrolls of amnesia
 l - 2 scrolls of enchant armour
 o - 3 scrolls of magic mapping {unknown}
 q - 5 scrolls of fog
 s - a scroll of noise
 y - 6 scrolls of enchant weapon
 N - a scroll of summoning
Potions
 h - 3 potions of resistance
 t - 7 potions of curing
 v - a potion of heal wounds
 w - a potion of flight
 A - a potion of brilliance
 F - a potion of magic
 M - 3 potions of might
Books
 b - a book of Frost

   Spells                             Type                      Level
   a - Freeze                         Ice                          1
   b - Throw Frost                    Conjuration/Ice              2
   c - Ozocubu's Armour               Charms/Ice                   3
   d - Throw Icicle                   Conjuration/Ice              4
   e - Summon Ice Beast               Ice/Summoning                4
 r - Kikubaaqudgha's Handbook of Unholy Rituals
   (Kikubaaqudgha gifted it to you on level 6 of the Dungeon)

   Spells                             Type                      Level
   a - Excruciating Wounds            Charms/Necromancy            5
   b - Bolt of Draining               Conjuration/Necromancy       5
   c - Cigotuvi's Embrace             Necromancy                   5
   d - Dispel Undead                  Necromancy                   5
   e - Death Channel                  Necromancy                   6
 B - a book of Transfigurations

   Spells                             Type                      Level
   a - Irradiate                      Conjuration/Transmutation    5
   b - Statue Form                    Transmutation/Earth          6
   c - Hydra Form                     Transmutation                6
   d - Dragon Form                    Transmutation                7
 S - a Necronomicon

   Spells                             Type                      Level
   a - Haunt                          Necromancy/Summoning         7
   b - Borgnjor's Revivification      Necromancy                   8
   c - Death's Door                   Charms/Necromancy            8
   d - Infestation                    Necromancy                   8
   e - Necromutation                  Transmutation/Necromancy     8
Miscellaneous
 m - a lamp of fire (inert)
Comestibles
 c - 6 chunks of flesh
 f - 8 meat rations
 Z - 7 bread rations


   Skills:
 - Level 6.2 Fighting
 - Level 9.2 Staves
 + Level 8.7 Armour
 - Level 3.1 Dodging
 - Level 2.1 Stealth
 - Level 8.1 Unarmed Combat
 - Level 11.5 Spellcasting
 - Level 10.6 Conjurations
 - Level 12.7 Necromancy
 - Level 11.4 Transmutations
 - Level 4.5 Ice Magic


You had 10 spell levels left.
You knew the following spells:

 Your Spells              Type           Power        Failure   Level  Hunger
a - Freeze                Ice            ####         1%          1    None
b - Animate Skeleton      Necr           N/A          1%          1    None
c - Bolt of Draining      Conj/Necr      ######....   2%          5    ####...
d - Dispel Undead         Necr           ######..     1%          5    ####...
e - Dragon Form           Tmut           ######....   65%         7    #######
f - Necromutation         Tmut/Necr      ######....   99%         8    #######
g - Apportation           Tloc           ##....       13%         1    None


Dungeon Overview and Level Annotations

Branches:
Dungeon (11/15)            Temple (0/1) D:4            Lair (6/6) D:9
  Swamp (4/4) Lair:2        Slime (0/5) Lair:6          Orc (2/2) D:9
    Elf (1/3) Orc:2
  Snake: Lair:2-4    Spider: Lair:2-4

Altars:
Ashenzari
Dithmenos
Gozag
Hepliaklqana
Kikubaaqudgha
Makhleb
Trog
Uskayaw
Vehumet
Xom
Yredelemnul

Shops:
D:5 *   D:7 [   D:8 *   Orc:2 }%(?

Portals:
Pandemonium: Orc:2

Annotations:
D:8 Gastronok; Joseph
D:10 Salmacis's ghost, novice HOFi
Swamp:4 Lernaean hydra


Innate Abilities, Weirdness & Mutations

You are resistant to torment.
Your stone body is resilient. (AC +12)
You are immune to poison.
Your large and strong wings let you fly indefinitely.
You resist negative energy. (rN+)
You are resistant to electric shocks. (rElec)
You can survive without breathing.
You are immune to petrification.
You are immune to rotting.
You are partially covered in iridescent scales. (AC +2)
Your mind is acute. (Int +2)
Armour fits poorly on your strangely shaped body.
You are resistant to hostile enchantments. (MR+)
Your natural rate of healing is unusually fast.
You are occasionally teleported next to monsters.
You are weak. (Str -2)
Your spells are a little easier to cast, but a little less powerful.
You expend magic power (3 MP) to strengthen your wands.


Message History

Unknown command.
You barely miss the 27-headed Lernaean hydra.
The 27-headed Lernaean hydra is almost dead.
Unknown command.
Unknown command.
Okay, then.
Unknown command.
Unknown command.
Unknown command.
The 27-headed Lernaean hydra barely misses you.
The 27-headed Lernaean hydra bites you but does no damage. x2
The 27-headed Lernaean hydra bites you.
* * * LOW HITPOINT WARNING * * *
The 27-headed Lernaean hydra closely misses you.
The 27-headed Lernaean hydra bites you.
* * * LOW HITPOINT WARNING * * *
The 27-headed Lernaean hydra closely misses you.
The 27-headed Lernaean hydra bites you.
You die...
Kikubaaqudgha rasps: "You have failed me!
Welcome... oblivion!"

♣♣ ♣≈♣♣♣♣♣≈.§♣♣♣♣♣♣♣♣≈♣♣ .##
♣♣.≈♣.≈≈≈≈.♣♣♣♣.≈....♣♣♣♣≈#
♣♣♣..≈.≈≈≈≈≈≈♣♣§≈..≈≈≈≈.≈♣♣.#
♣≈.....≈≈≈≈≈≈♣≈....≈≈≈≈..♣♣♣.
♣♣♣≈♣♣≈.♣♣♣♣§≈♣♣≈≈≈≈≈≈≈≈#..♣♣♣♣ ♣
♣≈.♣♣≈≈♣♣ ♣.≈...≈≈≈≈≈≈%%.♣≈≈≈♣
♣♣♣≈≈♣♣♣♣♣ ♣♣≈≈≈≈.≈≈.≈≈≈≈%†..≈.%
..≈..≈.≈♣♣♣♣♣≈≈≈≈≈.....≈≈..≈#≈.%%
≈≈.....≈§.♣♣≈≈.D@§♣♣♣..≈.≈%††...%
≈≈.≈≈..≈≈≈.%≈≈§≈♣♣.≈≈≈≈≈..≈..♣≈.≈
≈≈≈≈≈≈≈≈≈≈<..(.≈≈.≈≈≈≈≈≈≈≈.≈.≈.≈≈
≈≈≈≈≈≈≈≈≈≈.≈..≈≈≈≈..§≈≈≈≈.≈≈≈≈.≈≈
≈.≈≈≈≈≈≈≈≈.....≈≈≈≈≈§≈≈≈§..≈♣≈.≈≈
♣...≈≈≈≈≈≈≈≈≈≈≈.≈≈≈≈≈.≈≈≈≈≈≈...≈≈
♣♣♣≈.≈≈≈≈≈≈≈≈≈≈.§≈≈.♣.≈≈≈≈≈≈.≈.≈≈
♣♣♣≈....≈≈≈≈≈≈.≈.≈.≈♣♣.≈≈....≈≈≈≈
[..≈...≈≈≈≈≈≈.≈♣♣♣♣♣♣♣♣♣♣♣≈..≈≈≈≈


You could see the 27-headed Lernaean hydra.

Vanquished Creatures
  Jorgrun (Swamp:1)
  Rupert (Lair:6)
  2 thorn hunters
  The ghost of theanonym the Imperceptible, an adept SpEn of Dithmenos (Swamp:4)
  A stone giant (Orc:2)
  2 entropy weavers (Lair:5)
  A deep elf demonologist (Elf:1)
  A deep elf death mage (Elf:1)
  A deep elf high priest (Elf:1)
  A catoblepas (Lair:6)
  20 hydras
  Erolcha (Orc:1)
  A ghost crab (Swamp:4)
  Erica (D:8)
  2 two-headed ogres
  A merfolk avatar (Lair:6)
  6 alligators
  A queen ant (Lair:5)
  A dancing weapon (Elf:1)
  5 death yaks (Lair:6)
  6 orc high priests
  Sonja (Orc:2)
  Nergalle (D:11)
  A fire crab (Lair:3)
  A gelid demonspawn (Orc:2)
  An infernal demonspawn (Orc:2)
  2 torturous demonspawn (Orc:2)
  3 deep elf archers (Elf:1)
  7 swamp dragons
  A necromancer (IceCv)
  4 orc knights (Orc:2)
  4 ugly things (Swamp:3)
  6 orc sorcerers (Orc:2)
  6 deep elf magi
  A moth of wrath (Lair:6)
  4 cyclopes
  7 elephants (Lair:5)
  A rust devil (Orc:2)
  A centaur zombie (D:11)
  A black mamba (Lair:5)
  The ghost of hexaflexagon the Cudgeler, a novice FoMo (D:8)
  20 spiny frogs
  10 komodo dragons
  4 rime drakes
  6 ice devils (IceCv)
  A wind drake (Lair:6)
  3 trolls
  6 polar bears
  2 tyrant leeches
  2 hornets
  8 slime creatures
  7 hippogriffs
  16 blink frogs
  10 dream sheep
  7 bog bodies
  3 wyverns
  A wraith (D:11)
  A vampire (D:11)
  4 shadows
  2 water elementals (Elf:1)
  44 yaks
  A basilisk (Lair:4)
  A hungry ghost (D:9)
  A neqoxec (Orc:2)
  A chaos spawn (Orc:1)
  14 swamp worms
  2 steam dragons
  17 vampire mosquitoes
  4 wargs
  4 insubstantial wisps (Swamp:4)
  4 porcupines
  23 soldier ants (Lair:5)
  12 water moccasins
  5 black bears (Lair:1)
  9 swamp drakes
  A phantom (D:7)
  2 sky beasts
  3 ice beasts
  38 orc warriors
  2 centaurs
  6 ogres
  7 crocodiles
  3 bullfrogs
  A gnoll sergeant (D:7)
  A water moccasin zombie (D:5)
  A water moccasin skeleton (D:10)
  2 scorpions
  14 killer bees
  8 wights (D:10)
  A draconian simulacrum (IceCv)
  A quasit (D:8)
  A bullfrog skeleton (D:7)
  5 hounds
  17 orc wizards
  28 orc priests
  2 iguanas (D:11)
  3 centaur skeletons
  2 hell rats (Lair:6)
  A troll simulacrum (IceCv)
  30 worker ants
  2 centaur simulacra (IceCv)
  3 hound zombies
  2 worker ant zombies
  11 gnolls
  15 adders
  A naga simulacrum (IceCv)
  A shadow imp (D:9)
  An ooze (D:2)
  2 adder skeletons
  An adder zombie (D:6)
  4 leopard geckos
  110 orcs
  11 bats
  6 giant cockroaches
  4 goblins
  6 hobgoblins
  10 jackals
  3 quokkas
  A ball python (D:3)
  2 frilled lizards
  4 kobolds
  2 leopard gecko skeletons
  5 rats
753 creatures vanquished.

Vanquished Creatures (collateral kills)
  Aizul (Swamp:4)
  2 hydras (Swamp:4)
  3 alligators
  A spriggan druid (Swamp:4)
  A swamp dragon (Swamp:4)
  An orc knight (Orc:2)
  An elephant (Lair:6)
  4 slime creatures
  An ugly thing (Swamp:3)
  A black mamba (Lair:6)
  3 spiny frogs
  A rime drake (Lair:6)
  A hornet (Lair:6)
  8 polar bears
  2 tyrant leeches
  A blink frog (Swamp:3)
  2 hippogriffs
  4 yaks
  A wyvern (Lair:6)
  6 vampire mosquitoes
  6 swamp worms
  A warg (D:9)
  4 swamp drakes
  An ogre (Orc:1)
  2 black bears (Lair:1)
  A phantom (D:9)
  A crocodile (Lair:6)
  A bullfrog (Lair:1)
  An orc priest (Orc:2)
  3 orc wizards (D:9)
  3 hell rats (Lair:6)
  A hound skeleton (D:11)
  A butterfly (Lair:6)
  2 fungi (Lair:2)
  2 plants (Lair:6)
75 creatures vanquished.

Vanquished Creatures (others)
  2 orc high priests (Orc:2)
  2 blink frogs (Swamp:4)
  An orc priest (Orc:2)
  An orc (Orc:1)
  A bush (Lair:5)
  6 fungi
  16 plants
29 creatures vanquished.

Grand Total: 857 creatures vanquished

Notes
Turn   | Place    | Note
-------+----------+-------------------------------------------
     0 | D:1      | 4thArraOfDagon the Gargoyle Ice Elementalist began the quest for the Orb.
     0 | D:1      | Reached XP level 1. HP: 10/10 MP: 3/3
   149 | D:2      | Reached XP level 2. HP: 15/15 MP: 1/5
   368 | D:2      | Found a faded altar of an unknown god.
   373 | D:2      | Became a worshipper of Kikubaaqudgha
   373 | D:2      | Reached * piety under Kikubaaqudgha
   373 | D:2      | Identified Kikubaaqudgha's Reference Book on Evil (Kikubaaqudgha gifted it to you on level 2 of the Dungeon)
   373 | D:2      | Received a gift from Kikubaaqudgha
   380 | D:2      | Learned a level 1 spell: Animate Skeleton
   455 | D:2      | Reached XP level 3. HP: 19/19 MP: 3/6
   720 | D:1      | 4thArraOfDagon: hi bazinga
   830 | D:2      | Found a shattered altar of Ashenzari.
   870 | D:2      | Reached XP level 4. HP: 18/24 MP: 1/7
   906 | D:2      | Reached skill level 1 in Fighting
   906 | D:2      | Reached skill level 1 in Armour
  1207 | D:3      | Reached ** piety under Kikubaaqudgha
  1372 | D:4      | Noticed a phantom
  1378 | D:4      | Reached XP level 5. HP: 28/30 MP: 8/8
  1648 | D:4      | Found a shadowy altar of Dithmenos.
  1703 | D:5      | Entered Level 5 of the Dungeon
  1741 | D:4      | Reached XP level 6. HP: 33/37 MP: 5/9
  1814 | D:4      | Found a staircase to the Ecumenical Temple.
  1899 | D:5      | Noticed a phantom
  2217 | D:5      | Found Tadiate's General Store.
  2226 | D:5      | Bought a scroll of identify for 26 gold pieces
  2258 | D:5      | Reached XP level 7. HP: 32/44 MP: 7/10
  2413 | D:6      | Reached skill level 5 in Fighting
  2587 | D:6      | Reached *** piety under Kikubaaqudgha
  2587 | D:6      | Identified Kikubaaqudgha's Handbook of Unholy Rituals (Kikubaaqudgha gifted it to you on level 6 of the Dungeon)
  2587 | D:6      | Received a gift from Kikubaaqudgha
  2916 | D:7      | Learned a level 5 spell: Bolt of Draining
  3003 | D:7      | Reached skill level 1 in Necromancy
  3042 | D:7      | Reached XP level 8. HP: 22/51 MP: 3/11
  3147 | D:8      | Noticed hexaflexagon's ghost (novice FoMo)
  3148 | D:8      | Noticed a hippogriff
  3163 | D:8      | Noticed a hippogriff
  3177 | D:9      | Found a burning altar of Makhleb.
  3198 | D:9      | Reached skill level 2 in Necromancy
  3272 | D:8      | Noticed Erica
  3272 | D:8      | Noticed a hippogriff
  3346 | D:8      | Reached skill level 3 in Necromancy
  3359 | D:8      | Found a hide-covered altar of Uskayaw.
  3360 | D:8      | Noticed a dagger
  3360 | D:8      | Noticed a hand axe
  3625 | D:7      | Reached skill level 5 in Conjurations
  3700 | D:7      | Gained mutation: You are occasionally teleported next to monsters. [mutagenic meat]
  3701 | D:7      | Gained mutation: You expend magic power (3 MP) to strengthen your wands. [mutagenic meat]
  3702 | D:7      | Gained mutation: Your natural rate of healing is unusually fast. [mutagenic meat]
  3704 | D:7      | Gained mutation: You are weak. (Str -2) [mutagenic meat]
  4001 | D:3      | Found a radiant altar of Vehumet.
  4047 | D:3      | Reached skill level 4 in Necromancy
  4073 | D:3      | Found an ancient bone altar of Kikubaaqudgha.
  4114 | D:3      | Found a hazy altar of Hepliaklqana.
  4117 | D:3      | Found an opulent altar of Gozag.
  4117 | D:3      | Found a shimmering altar of Xom.
  4170 | D:3      | Reached XP level 9. HP: 55/55 MP: 2/13
  4478 | D:6      | Learned a level 5 spell: Dispel Undead
  4533 | D:7      | Reached **** piety under Kikubaaqudgha
  4874 | D:7      | Found Uklaerunuk's Antique Armour Boutique.
  4926 | D:7      | Bought a runed hat for 189 gold pieces
  4968 | D:7      | Found a bloodstained altar of Trog.
  5015 | D:8      | Reached skill level 5 in Necromancy
  5137 | D:8      | Noticed Gastronok
  5394 | D:8      | Found Welerret's Assorted Antiques.
  5397 | D:8      | Bought 3 scrolls labeled CEUD NICVOTSI for 60 gold pieces
  5397 | D:8      | Noticed Joseph
  5593 | D:10     | Entered Level 10 of the Dungeon
  5697 | D:10     | Reached skill level 6 in Necromancy
  5697 | D:10     | Reached XP level 10. HP: 47/60 MP: 5/16
  5827 | D:10     | Noticed Salmacis's ghost (novice HOFi)
  5901 | D:9      | Reached ***** piety under Kikubaaqudgha
  5947 | D:9      | Noticed a two-headed ogre
  5982 | D:9      | Reached skill level 5 in Spellcasting
  5983 | D:9      | Killed a two-headed ogre
  5983 | D:9      | Reached skill level 7 in Necromancy
  6072 | D:9      | Found a staircase to the Lair.
  6248 | D:9      | Reached skill level 10 in Conjurations
  6308 | D:9      | Found a basalt altar of Yredelemnul.
  6387 | D:9      | Reached XP level 11. HP: 64/64 MP: 8/19
  6572 | D:9      | Reached skill level 8 in Necromancy
  7047 | D:11     | Lost mutation: You expend magic power (3 MP) to strengthen your wands. [mutagenic meat]
  7048 | D:11     | Gained mutation: Armour fits poorly on your strangely shaped body. [mutagenic meat]
  7049 | D:11     | Gained mutation: Your body sometimes deteriorates upon taking damage. [mutagenic meat]
  7050 | D:11     | Gained mutation: Your mind is acute. (Int +2) [mutagenic meat]
  7051 | D:11     | Gained mutation: You are resistant to hostile enchantments. (MR+) [mutagenic meat]
  7105 | D:11     | Noticed a six-headed hydra
  7224 | D:11     | Killed a six-headed hydra
  7284 | D:11     | Noticed a two-headed ogre
  7321 | D:11     | Noticed Nergalle
  7322 | D:11     | Killed a two-headed ogre
  7322 | D:11     | Reached skill level 9 in Necromancy
  7382 | D:11     | Killed Nergalle
  7590 | D:10     | Noticed a cyclops
  7601 | D:10     | Killed a cyclops
  7671 | D:11     | Got a colourful robe
  7689 | D:11     | Identified the +2 robe of Cer Sut {rPois Dex+5 Slay-5} (You found it on level 11 of the Dungeon)
  7794 | D:11     | 4thArraOfDagon: ??dragon form
  7794 | D:11     | 4thArraOfDagon: ?dragon form
  7794 | D:11     | 4thArraOfDagon: ??@dragon form
  7794 | D:11     | beem: @dragon form ~ dragon form[1/3]: You're a dragon now! RAAAAWR! Breathe fire! Be tough (+50% hp) and strong! Gives +10 str, flight, rPois+ rFire++ rCold-, 34% GDR, 16 AC exactly, giant size (will nuke your EV). Base unarmed damage (including claws) = (38 + unarmed_skill). Gives Claws 3 (works for offhand punch) and 2 additional auxiliary attacks, bite and tail-slap.
  7794 | D:11     | 4thArraOfDagon: ?@@dragon form[2
  7794 | D:11     | 4thArraOfDagon: ??@dragon form[2
  7794 | D:11     | beem: @dragon form ~ dragon form[2/3]: Draconians keep their existing scales AC bonus and resistances, but the AC boost is lowered to +10. They still get rPois and an improved breath weapon. Note: Dragons's Giant Size also makes them too big to be constricted.
  7794 | D:11     | 4thArraOfDagon: ??@dragon form[3
  7794 | D:11     | beem: @dragon form ~ dragon form ~ dragon form unreasons[1/1]: !tv timbw ogfi 7
  7974 | D:8      | Killed hexaflexagon's ghost
  8007 | D:8      | Killed Erica
  8007 | D:8      | Reached XP level 12. HP: 68/70 MP: 3/23
  8034 | D:8      | Bought a runed broad axe for 140 gold pieces
  8084 | D:9      | Learned a level 7 spell: Dragon Form
  8191 | D:9      | Found a staircase to the Orcish Mines.
  8204 | D:9      | Reached skill level 1 in Unarmed Combat
  8205 | D:9      | Reached ****** piety under Kikubaaqudgha
  8263 | Orc:1    | Entered Level 1 of the Orcish Mines
  8263 | Orc:1    | Noticed an orc high priest
  8268 | Orc:1    | Killed an orc high priest
  8268 | Orc:1    | Reached skill level 1 in Transmutations
  8659 | Orc:1    | Noticed Erolcha
  8685 | Orc:1    | Killed Erolcha
  8843 | Orc:1    | Received a gift from Kikubaaqudgha
  8854 | Orc:1    | Learned a level 8 spell: Necromutation
  8855 | Orc:2    | Entered Level 2 of the Orcish Mines
  9119 | Orc:2    | Noticed a stone giant
  9165 | Orc:2    | Killed a stone giant
  9331 | Orc:2    | Reached skill level 5 in Unarmed Combat
  9394 | Orc:2    | Found a staircase to the Elven Halls.
  9805 | Orc:2    | Found Nuklacam's Magic Scroll Boutique.
  9807 | Orc:2    | Found Zienuhel's Food Shop.
  9855 | Orc:1    | Paralysed by a chaos spawn for 4 turns
 10027 | Orc:2    | Bought a scroll of teleportation for 39 gold pieces
 10051 | Orc:2    | Reached XP level 13. HP: 67/74 MP: 0/25
 10119 | Orc:2    | Noticed Sonja
 10119 | Orc:2    | Killed Sonja
 10119 | Orc:2    | Reached skill level 5 in Transmutations
 10782 | Orc:2    | Gained mutation: Your spells are a little easier to cast, but a little less powerful. [a neqoxec]
 11364 | Orc:2    | Found Lejeiri's Antique Weapon Shoppe.
 11364 | Orc:2    | Found Hura's Gadget Emporium.
 11364 | Orc:2    | Found a one-way gate leading to the halls of Pandemonium.
 11366 | Orc:2    | Bought a slimy lajatang for 500 gold pieces
 11404 | Orc:2    | Identified the +10 lajatang of Qoezxo {venom, +Fly rElec Str-3 Stlth+} (You bought it in a shop on level 2 of the Orcish Mines)
 11405 | Orc:2    | :O
 11571 | Lair:1   | Entered Level 1 of the Lair of Beasts
 11587 | Lair:1   | Found a frozen archway.
 11596 | IceCv    | Entered an ice cave
 11767 | IceCv    | Reached skill level 1 in Staves
 11776 | IceCv    | Got a heavily runed scarf
 11793 | IceCv    | Identified the scarf of Dogma {Regen+ rCorr Int+4 Dex-2} (You found it in an ice cave)
 12531 | Lair:1   | Gained mutation: Your large and strong wings let you fly indefinitely. [Gargoyle growth]
 12531 | Lair:1   | Reached XP level 14. HP: 80/80 MP: 21/27
 12717 | Lair:2   | Reached skill level 10 in Necromancy
 12938 | Lair:2   | Found a staircase to the Swamp.
 13100 | Lair:3   | Reached skill level 5 in Staves
 13278 | Lair:3   | Learned a level 1 spell: Apportation
 13357 | Lair:4   | Reached skill level 10 in Spellcasting
 13752 | Lair:5   | Noticed an entropy weaver
 13804 | Lair:5   | Noticed an entropy weaver
 13804 | Lair:5   | Killed an entropy weaver
 13824 | Lair:5   | Killed an entropy weaver
 14355 | Lair:6   | Entered Level 6 of the Lair of Beasts
 14373 | Lair:6   | Noticed Nessos
 14378 | Lair:6   | Noticed Nessos
 14378 | Lair:6   | Nessos changed into Nessos the moth of wrath
 14385 | Lair:6   | Killed Nessos the moth of wrath
 14450 | Lair:5   | Reached XP level 15. HP: 57/84 MP: 6/29
 14562 | Lair:6   | Found a staircase to the Slime Pits.
 14609 | Lair:6   | Reached skill level 11 in Necromancy
 14761 | Lair:6   | Noticed Rupert
 14778 | Lair:6   | Killed Rupert
 15479 | Elf:1    | Entered Level 1 of the Elven Halls
 15507 | Orc:2    | p0werm0de: https://www.youtube.com/watch?v=CQOMJYHSYDI
 15534 | Orc:2    | Reached skill level 10 in Transmutations
 15872 | Orc:2    | Bought a scroll of brand weapon for 260 gold pieces
 16006 | Swamp:1  | Entered Level 1 of the Swamp
 16803 | Swamp:1  | Reached XP level 16. HP: 71/89 MP: 11/31
 16834 | Swamp:2  | Reached skill level 12 in Necromancy
 16867 | Swamp:2  | Noticed Jorgrun
 16887 | Swamp:1  | Killed Jorgrun
 17033 | Swamp:2  | Noticed a thorn hunter
 17048 | Swamp:2  | Killed a thorn hunter
 17602 | Swamp:3  | Gained mutation: You expend magic power (3 MP) to strengthen your wands. [mutagenic meat]
 17622 | Swamp:3  | Gained mutation: You are partially covered in iridescent scales. (AC +2) [mutagenic meat]
 17623 | Swamp:3  | Lost mutation: Your body sometimes deteriorates upon taking damage. [mutagenic meat]
 17747 | Swamp:3  | Identified 4 scrolls of acquirement
 17786 | Swamp:3  | Noticed a thorn hunter
 17821 | Swamp:3  | Killed a thorn hunter
 17984 | Swamp:3  | Thaneod: !lg Thaneod
 17984 | Swamp:3  | beem: 473. Thaneod the Eclecticist (L17 DEFE of Vehumet), blasted by Aizul (bolt of poison) on Elf:2 on 2017-11-22 21:04:26, with 198782 points after 49912 turns and 2:49:08.
 18003 | Swamp:3  | Got slimy shadow dragon scales
 18014 | Swamp:3  | Identified the +1 shadow dragon scales of the Trilobite {*Contam rN+ MR+++ Regen+ Stlth++++} (You acquired it on level 3 of the Swamp)
 18014 | Swamp:3  | :O
 18017 | Swamp:3  | Got a transparent brass ring
 18019 | Swamp:3  | Identified the ring "Gotaal" {Fire rElec rPois} (You acquired it on level 3 of the Swamp)
 18040 | Swamp:3  | Got a translucent ruby amulet
 18042 | Swamp:3  | Identified the amulet "Duduekump" {rF+ MR- Regen+ Str+3} (You acquired it on level 3 of the Swamp)
 18051 | Swamp:4  | Entered Level 4 of the Swamp
 18051 | Swamp:4  | Noticed theanonym's ghost (adept SpEn)
 18055 | Swamp:4  | Killed theanonym's ghost
 18156 | Swamp:4  | 4thArraOfDagon: ??%shadow dragon armor
 18156 | Swamp:4  | beem: I don't have a page labeled %shadow_dragon_armor in my learndb.
 18156 | Swamp:4  | 4thArraOfDagon: ??%shadow dragon
 18156 | Swamp:4  | beem: %shadow dragon ~ shadow dragon[1/1]: A dark dragon, emitting an evil aura, and it sees YOU as its next snack. Breathes bolts of draining, and sometimes drops {shadow dragon scales} when it dies. While it has rN, it is not undead, so you can still torment it! Leaves a corpse with noxious meat.
 18182 | Swamp:4  | Noticed Aizul
 18196 | Swamp:4  | Killed Aizul
 18196 | Swamp:4  | Reached skill level 5 in Armour
 18490 | Swamp:4  | Noticed the 27-headed Lernaean hydra
 19048 | Swamp:4  | 4thArraOfDagon: how
 19060 | Swamp:4  | HP: 4/89 [the 27-headed Lernaean hydra (5)]
 19060 | Swamp:4  | Slain by the 27-headed Lernaean hydra

Vault maps used:
D:1:      lemuel_arrival_behind_the_door_small, kennysheep_pointless_box,
          serial_bayou_pond_e, minmay_misc_feat_room
D:2:      ashenzari_altar_1, chequers_ecumenical_altar_grove
D:3:      lemuel_round_altar, grunt_temple_overflow_open
D:4:      kennysheep_little_box, minmay_temple_entry_glassed_door,
          serial_co_window_serial, co_window_paths_b, co_window_paths_a,
          co_window_paths_b, co_window_of_opportunity_a, co_window_paths_b,
          co_window_corner_a, co_window_paths_a, co_window_corner_b,
          co_window_paths_c, co_window_broadway_a, co_window_of_opportunity_b,
          co_window_2corner, co_window_2corner, co_window_4corner_b,
          co_window_paths_e, columned_hall_lemuel, dk_noncrumbling_3,
          grunt_ministairs_14
D:5:      serial_shops, nicolae_shop_crystal, first_bread
D:7:      nicolae_overflow_hidden_temple, serial_shops, shop
D:8:      dancing_weapons_uskayaw, serial_shops, nicolae_shop_trees, uniq_erica,
          uniq_joseph, uniq_gastronok
D:9:      lemuel_coloured_pillars_altar, erik_lair_orcish_takeover, erik_orc_1,
          basic_altar
D:11:     uniq_nergalle
Lair:1:   beast_lair_carwin_large_3, portal_ice_cave_rime,
          infiniplex_staircase_pool_2, lemuel_fruit_fields, serial_bayou_shore_a
Lair:2:   swamp_mist_pool
Lair:3:   spider_nest_entry_funnel_web, lemuel_fruit_fields,
          serial_bayou_shore_b, lemuel_fruit_fields, lemuel_fruit_tree
Lair:5:   minivault_29
Lair:6:   gammafunk_lair_ancient_temple, dpeg_slime_entry_corner, uniq_rupert,
          uniq_nessos
Swamp:1:  hangedman_swamp_ruin_wall
Swamp:2:  evilmike_swamp_ruin_house_3, swamp_pool5, wheals_swamp_sinkhole,
          uniq_jorgrun
Swamp:3:  serial_swamp_ruin, evilmike_swamp_ruin_house_5,
          evilmike_swamp_ruin_rubble_2
Swamp:4:  swamp_old_school, uniq_aizul
Orc:1:    mines_bat_river, uniq_erolcha
Orc:2:    pf_orc_diabolical, uniq_sonja
Elf:1:    minmay_elf_arrival_circle, serial_shops, nicolae_shop_stone,
          minmay_elf_sorcery, grunt_ministairs_1, minmay_shop_grove, uniq_nikola
IceCv:    ice_cave_tombish

Skill      XL: |  1  2  3  4  5  6  7  8  9 10 11 12 13 14 15 16 |
---------------+-------------------------------------------------+-----
Ice Magic      | 4 |  4.5
Fighting       | 2 3 4 6 |  6.2
Armour         | 2 3 4 8 |  8.7
Conjurations   | 2 5 8 10 | 10.6
Necromancy     | 1 4 6 7 9 10 11 12 | 12.7
Spellcasting   | 3 4 5 7 8 9 10 11 | 11.5
Unarmed Combat | 5 8 |  8.1
Dodging        | 3 |  3.1
Transmutations | 4 7 9 10 11 | 11.4
Staves         | 3 7 9 |  9.2
Stealth        | |  2.1

Action                   |  1- 3 |  4- 6 |  7- 9 | 10-12 | 13-15 | 16-18 || total
-------------------------+-------+-------+-------+-------+-------+-------++-------
Melee: Unarmed           |    16 |       |       |       |     5 |    56 ||    77
       Hand axe          |    47 |    12 |       |       |       |       ||    59
       Spear             |       |   119 |   221 |    75 |       |       ||   415
       Staff             |       |       |    46 |    46 |    26 |       ||   118
       Falchion          |       |       |       |    96 |       |       ||    96
       War axe           |       |       |       |    50 |       |       ||    50
       Broad axe         |       |       |       |   178 |    32 |       ||   210
       Scimitar          |       |       |       |     6 |       |       ||     6
       Lajatang          |       |       |       |       |   711 |   206 ||   917
       Great mace        |       |       |       |       |    27 |       ||    27
       Punch             |       |       |       |       |     1 |     1 ||     2
       Tailslap          |       |       |       |       |       |     3 ||     3
       Bite              |       |       |       |       |       |     1 ||     1
Throw: Throwing net      |       |       |       |       |       |     1 ||     1
 Cast: Freeze            |    31 |    32 |   119 |    57 |       |     3 ||   242
       Bolt of Draining  |       |       |    21 |   109 |   186 |    58 ||   374
       Animate Skeleton  |       |       |       |    11 |    31 |    34 ||    76
       Dispel Undead     |       |       |       |     5 |     2 |    17 ||    24
       Apportation       |       |       |       |       |     1 |       ||     1
       Dragon Form       |       |       |       |       |     1 |     2 ||     3
Invok: Receive Necronomi |       |       |       |     1 |       |       ||     1
       Receive Corpses   |       |       |       |       |       |    10 ||    10
 Abil: Evoke Berserk Rag |       |       |       |     1 |    11 |     2 ||    14
       Fly               |       |       |       |       |     2 |       ||     2
       Stop Flying       |       |       |       |       |     1 |       ||     1
       End Transformatio |       |       |       |       |       |     2 ||     2
Evoke: Wand              |       |       |     8 |       |     3 |     4 ||    15
       Lamp of fire      |       |       |       |       |     1 |     2 ||     3
  Use: Scroll            |     1 |     4 |     7 |     2 |    17 |    15 ||    46
       Potion            |       |     2 |     2 |     1 |     6 |     3 ||    14
 Stab: Sleeping          |       |     5 |     4 |       |     2 |       ||    11
       Distracted        |       |       |       |       |     4 |     1 ||     5
  Eat: Chunk             |       |     7 |    21 |    41 |    26 |    24 ||   119
       Bread ration      |       |       |     1 |     1 |     1 |       ||     3
       Royal jelly       |       |       |     1 |     2 |     1 |       ||     4
       Fruit             |       |       |     4 |       |    20 |     3 ||    27
       Meat ration       |       |       |       |       |     3 |     1 ||     4
Armor: Robe              |    56 |    52 |   195 |   292 |       |       ||   595
       Troll leather arm |       |       |       |    75 |   489 |   106 ||   670
       Skin              |       |       |       |       |    27 |     3 ||    30
       Shadow dragon sca |       |       |       |       |       |   306 ||   306
Dodge: Dodged            |    79 |    73 |   262 |   442 |   508 |   218 ||  1582
Block: Other             |       |       |    13 |    93 |    24 |       ||   130
       Reflection        |       |       |       |     3 |       |       ||     3
       Rpst.: Falchion   |       |       |       |    21 |       |       ||    21
       Scimitar          |       |       |       |     1 |       |       ||     1

Table legend:
 A = Spawn XP
 B = Non-spawn XP
 C = Spawn XP percentage of total XP
 D = Spawn monster count
 E = Non-spawn monster count
 F = Spawn count percentage of total count
 G = Total turns spent on level
                    A         B        C        D         E        F      G
               +---------+---------+-------+---------+---------+-------+---------
         Total |       0 |  179220 |   0.0 |       0 |     827 |   0.0 | 19060
               +---------+---------+-------+---------+---------+-------+---------
           D:1 |       0 |      24 |   0.0 |       0 |      14 |   0.0 |   407
           D:2 |       0 |     101 |   0.0 |       0 |      19 |   0.0 |   789
           D:3 |       0 |     222 |   0.0 |       0 |      31 |   0.0 |   499
           D:4 |       0 |     284 |   0.0 |       0 |      17 |   0.0 |   891
           D:5 |       0 |     194 |   0.0 |       0 |       5 |   0.0 |   387
           D:6 |       0 |     232 |   0.0 |       0 |      14 |   0.0 |   565
           D:7 |       0 |    1814 |   0.0 |       0 |      32 |   0.0 |  1371
           D:8 |       0 |    2329 |   0.0 |       0 |      17 |   0.0 |   433
           D:9 |       0 |    6000 |   0.0 |       0 |      70 |   0.0 |  1541
          D:10 |       0 |    2775 |   0.0 |       0 |      33 |   0.0 |   755
          D:11 |       0 |    5429 |   0.0 |       0 |      34 |   0.0 |   821
        Lair:1 |       0 |    6623 |   0.0 |       0 |      27 |   0.0 |   499
        Lair:2 |       0 |    4610 |   0.0 |       0 |      16 |   0.0 |   395
        Lair:3 |       0 |    3003 |   0.0 |       0 |      12 |   0.0 |   398
        Lair:4 |       0 |    2257 |   0.0 |       0 |      11 |   0.0 |   399
        Lair:5 |       0 |   17983 |   0.0 |       0 |      77 |   0.0 |   746
        Lair:6 |       0 |   24483 |   0.0 |       0 |      73 |   0.0 |   870
       Swamp:1 |       0 |   11185 |   0.0 |       0 |      28 |   0.0 |   783
       Swamp:2 |       0 |   13424 |   0.0 |       0 |      40 |   0.0 |   723
       Swamp:3 |       0 |   15194 |   0.0 |       0 |      35 |   0.0 |   644
       Swamp:4 |       0 |   20974 |   0.0 |       0 |      45 |   0.0 |   874
         Orc:1 |       0 |    4804 |   0.0 |       0 |      49 |   0.0 |   791
         Orc:2 |       0 |   23567 |   0.0 |       0 |     103 |   0.0 |  2596
         Elf:1 |       0 |    8916 |   0.0 |       0 |      13 |   0.0 |   289
         IceCv |       0 |    2793 |   0.0 |       0 |      12 |   0.0 |   594
               +---------+---------+-------+---------+---------+-------+---------
